 Dungeon Crawl Stone Soup version 0.14-a0-3538-g669f2b4 (webtiles) character file.

489 HenryFlower the Twirler (level 6, -3/39 HPs)
             Began as an Octopode Gladiator on Mar 28, 2014.
             Was a Follower of Dithmenos.
             Killed from afar by a decayed bog body (5 damage)
             ... with a puff of frost
             ... in an ossuary.
             The game lasted 00:09:41 (3370 turns).

HenryFlower the Twirler (Octopode Gladiator)        Turns: 3370, Time: 00:09:41

HP  -3/39        AC  1     Str 14      XL: 6   Next: 45%
MP   6/6         EV 13     Int 11      God: Dithmenos [*.....]
Gold 170         SH  0     Dex 14      Spells:  0 memorised,  5 levels left

rFire  . . .     SeeInvis .     a - +2,+3 quarterstaff (curse)
rCold  . . .     Clarity  .     (no shield)
rNeg   . . .     Conserve .     c - +0 hat (curse)
rPois  .         rCorr    .     (no amulet)
rElec  .         rRot     .     (no ring)
SustAb . .       Spirit   .     (no ring)
rMut   .         Warding  .     (no ring)
Saprov . . .     Stasis   .     (no ring)
MR     .....                    (no ring)
                                (no ring)
                                (no ring)
                                (no ring)

@: wreathed by umbra, not resistant to hostile enchantments, stealthy
A: almost no armour, amphibious, 8 rings, constrict 8, camouflage 1, gelatinous
body 1
a: Renounce Religion


You were in an ossuary.
You worshipped Dithmenos.
Dithmenos was aware of your devotion.
You were not hungry.

You visited 1 branch of the dungeon, and saw 4 of its levels.
You also visited: Ossuary.

You collected 170 gold pieces.

Inventory:

Hand weapons
 a - a cursed +2,+3 quarterstaff (weapon)
Missiles
 b - 20 darts (quivered)
 d - 3 throwing nets
 i - 9 steel darts
 k - 5 darts of frost
Armour
 c - a cursed +0 hat (worn)
Comestibles
 f - 3 bread rations
 o - a meat ration
 r - an orange
 u - an apple
Scrolls
 e - a scroll of teleportation
 g - 2 scrolls of remove curse
 l - a scroll of identify
 q - a scroll of magic mapping
Jewellery
 w - a cursed ring of ice
Potions
 h - a potion of curing
 n - a potion of resistance {unknown}
 p - a potion of invisibility {unknown}
 t - a potion of agility {unknown}


   Skills:
 - Level 2.0 Fighting
 + Level 7.0 Staves
 - Level 2.0 Throwing
 - Level 3.0 Dodging


You had 5 spell levels left.
You didn't know any spells.

Dungeon Overview and Level Annotations

Branches:
Dungeon (4/15)
 Temple: D:4-7

Altars:
Ashenzari
Dithmenos
Sif Muna


Innate Abilities, Weirdness & Mutations

You cannot wear most types of armour.
You are amphibious.
You can wear up to eight rings at the same time.
You can use your tentacles to constrict many enemies at once.
Your skin changes colour to match your surroundings (Stlth).
Your rubbery body absorbs attacks (AC +1).


Message History

* * * LOW HITPOINT WARNING * * *
You sock the bat zombie!
You destroy the bat zombie!
Dithmenos accepts your kill.
You start resting.
You sock the decayed bog body! You grab the decayed bog body.
The decayed bog body is heavily damaged.
You constrict the decayed bog body.
The decayed bog body closely misses you.
The decayed bog body touches you.
* * * LOW HITPOINT WARNING * * *
The decayed bog body freezes you.
* * * LOW HITPOINT WARNING * * *
You release your grip on the decayed bog body.
There is an empty arch of ancient stone here.
All of the chunks of flesh in your inventory have completely rotted away.
There is a gate leading back out of here here.
The decayed bog body casts a spell at you.
The puff of frost hits you!
You die...

≈ .≈ ##
≈. ≈≈#..z
#≈≈#≈
#P≈.
##≈≈#####
#P≈.#.n@#
#≈%.∩.#
#.≈(#...#
###≈#####
'. ##' #.
##


You could see a decayed bog body.

Vanquished Creatures
  3 bog bodies (Ossuary)
  A worker ant (D:3)
  An ogre zombie (Ossuary)
  4 mummies
  6 adders
  A worm (D:2)
  2 orcs (D:3)
  14 bats
  A bat zombie (Ossuary)
  5 giant cockroaches
  6 hobgoblins
  A giant cockroach zombie (Ossuary)
  A giant gecko (D:4)
  A giant newt (D:2)
  8 goblins
  2 goblin zombies
  A hobgoblin zombie (Ossuary)
  4 jackals (D:3)
  9 kobolds
  A quokka skeleton (D:4)
  A quokka zombie (Ossuary)
  4 rats
77 creatures vanquished.

Notes
Turn   | Place    | Note
--------------------------------------------------------------
     0 | D:1      | HenryFlower, the Octopode Gladiator, began the quest for the Orb.
     0 | D:1      | Reached XP level 1. HP: 14/14 MP: 1/1
   377 | D:1      | Reached XP level 2. HP: 19/19 MP: 2/2
  1005 | D:2      | Reached skill level 4 in Staves
  1040 | D:2      | Found a shadowy altar of Dithmenos.
  1057 | D:2      | Became a worshipper of Dithmenos
  1195 | D:2      | Reached XP level 3. HP: 24/24 MP: 3/3
  1543 | D:2      | Found a shattered altar of Ashenzari.
  1562 | D:2      | Found a deep blue altar of Sif Muna.
  1680 | D:2      | Reached XP level 4. HP: 21/29 MP: 4/4
  1948 | D:3      | Reached skill level 5 in Staves
  2391 | D:3      | Reached XP level 5. HP: 34/34 MP: 5/5
  3240 | D:4      | Found a sand-covered staircase.
  3250 | Ossuary  | Entered an ossuary
  3268 | Ossuary  | Reached skill level 6 in Staves
  3307 | Ossuary  | Reached XP level 6. HP: 20/39 MP: 6/6
  3361 | Ossuary  | Reached skill level 7 in Staves
  3370 | Ossuary  | Killed from afar by a decayed bog body

Action                   |  1- 3 |  4- 6 || total
-------------------------+-------+-------++-------
Melee: Quarterstaff      |    61 |    85 ||   146
Throw: Dart              |    48 |    16 ||    64
       Throwing net      |     2 |       ||     2
       Javelin           |       |     8 ||     8
  Use: Scroll            |       |    13 ||    13
       Potion            |       |     2 ||     2
 Stab: Sleeping          |       |     3 ||     3
       Distracted        |       |     1 ||     1
